 Dungeon Crawl Stone Soup version 0.26-a0-540-g8a0c9464d7 (webtiles) character file.

Game seed: 15363030509932785580

787 kae the Slasher (level 7, -3/60 HPs)
             Began as a Palentonga Fighter on Aug 24, 2020.
             Was an Initiate of Okawaru.
             Slain by a gnoll
             ... wielding a +0 halberd
              (10 damage)
             ... on level 5 of the Dungeon.
             The game lasted 00:05:35 (5354 turns).

kae the Slasher (Palentonga Fighter)                Turns: 5354, Time: 00:05:36

Health: -3/60      AC:  6    Str: 22    XL:     7   Next: 56%
Magic:  7/7        EV:  5    Int: 14    God:    Okawaru [......]
Gold:   270        SH:  8    Dex:  9    Spells: 6/6 levels left

rFire    . . .     SeeInvis +   a - +0 long sword
rCold    . . .     Faith    .   c - +0 kite shield
rNeg     . . .     Spirit   .   b - +0 scale mail
rPois    .         Reflect  .   (no helmet)
rElec    .         Harm     .   (no cloak)
rCorr    .                      (no gloves)
MR       .....                  (boots restricted)
Stlth    ..........             j - amulet of magic regeneration
HPRegen  0.20/turn              h - +6 ring of intelligence
MPRegen  0.35/turn              (no ring)

@: no status effects
A: large, rugged brown scales 3, see invisible, deformed body, roll, armoured
tail
a: Rolling Charge, Renounce Religion


You were on level 5 of the Dungeon.
You worshipped Okawaru.
Okawaru was noncommittal.
You visited 2 branches of the dungeon, and saw 6 of its levels.
You also visited: Sewer and Ossuary.

You collected 270 gold pieces.

Inventory:

Hand Weapons
 a - a +0 long sword (weapon)
Armour
 b - a +0 scale mail (worn)
 c - a +0 kite shield (worn)
Jewellery
 h - a +6 ring of intelligence (left hand)
 j - an amulet of magic regeneration (around neck)
Scrolls
 k - 5 scrolls of remove curse
 n - a scroll of magic mapping
 p - 3 scrolls of fear
 q - a scroll of teleportation
 r - a scroll of brand weapon {unknown}
 s - 2 scrolls of blinking
Potions
 d - 4 potions of might
 e - a potion of lignification
 f - 2 potions of ambrosia
 g - 2 potions of magic
 i - 2 potions of curing
 l - 2 potions of brilliance
 m - 2 potions of haste {unknown}
 o - a potion of heal wounds {unknown}
 t - 2 potions of cancellation {unknown}


   Skills:
 + Level 5.7 Fighting
 * Level 7.2 Long Blades
 - Level 2.4 Armour
 - Level 2.4 Shields


You had 6 spell levels left.
You didn't know any spells.
Your spell library contained the following spells:

 Spells                   Type           Power        Failure   Level
 Animate Skeleton         Necr           #.....       97%         1
 Apportation              Tloc           #.....       97%         1
 Corona                   Hex            #......      97%         1
 Summon Small Mammal      Summ           #...         97%         1


Dungeon Overview and Level Annotations

Branches:
Dungeon (5/15)             Temple (1/1) D:5           Sewer (visited)
Ossuary (visited)

Altars:
Ashenzari
Cheibriados
Dithmenos
Elyvilon
Fedhas
Gozag
Hepliaklqana
Kikubaaqudgha
Makhleb
Nemelex Xobeh
Okawaru
Qazlal
Ru
Sif Muna
Trog
Uskayaw
Vehumet
Wu Jian
Xom
Yredelemnul
Zin
The Shining One


Innate Abilities, Weirdness & Mutations

You are completely covered in rugged brown scales. (AC +3, +7% HP)
You have supernaturally acute eyesight. (SInv)
Armour fits poorly on your strangely shaped body.
You can roll at foes to attack.
You have a long armoured tail.


Message History

You kill the gnoll!
Okawaru accepts your kill. The gnoll barely misses you.
The gnoll hits you from afar with a +0 halberd!
The gnoll hits you with a +0 halberd.
Things that are here:
a +0 club; a cursed +0 leather armour; a gnoll corpse You closely miss the gnoll.
The gnoll hits you from afar with a +0 halberd.
* * * LOW HITPOINT WARNING * * *
The gnoll hits you with a +0 halberd.
* * * LOW HITPOINT WARNING * * *
You slash the gnoll!
The gnoll is severely wounded.
You block the gnoll's attack. The gnoll hits you with a +0 halberd!
* * * LOW HITPOINT WARNING * * *
You closely miss the gnoll.
The gnoll is severely wounded.
The gnoll hits you from afar with a +0 halberd!
You die...

##########.# #.#
#.# #####
#.######## .....
#........# .....
########.# .....
.........# .....
########..#######
.....
.....g5g@........
.....
.....###...##...
..>..
......gg........+
..... .
...###...#....#
#. ..... .
#...#....####.
..... #...# ...+
... ..... #...#
..####.#### ##..
....# ..........
.# ....#
........).


You could see 3 gnolls and a white imp.

Vanquished Creatures
  An ice beast (D:5)
  2 elf zombies (Ossuary)
  A centaur zombie (Ossuary)
  2 orc priests (D:5)
  4 orc wizards
  A gnoll shaman (D:5)
  2 worker ants
  2 big kobold zombies (Ossuary)
  A hound skeleton (D:4)
  2 mummies (Ossuary)
  5 adders
  A gnoll (D:5)
  An ooze (D:3)
  2 adder zombies
  2 worms
  2 dart slugs
  3 leopard geckos (D:5)
  8 orcs
  5 ball pythons
  5 giant cockroaches
  8 goblins
  7 hobgoblins
  18 jackals
  18 kobolds
  2 quokkas
  6 bats
  7 frilled lizards
  7 hobgoblin zombies (Ossuary)
  14 kobold zombies (Ossuary)
  A leopard gecko skeleton (D:4)
  8 orc zombies (Ossuary)
  9 rats
  2 rat zombies (Ossuary)
159 creatures vanquished.

Vanquished Creatures (others)
  An orc wizard (D:3)
  A plant (Sewer)
2 creatures vanquished.

Grand Total: 161 creatures vanquished

Notes
Turn   | Place    | Note
-------+----------+-------------------------------------------
     0 | D:1      | kae the Palentonga Fighter began the quest for the Orb.
     0 | D:1      | Reached XP level 1. HP: 19/19 MP: 1/1
   164 | D:1      | Reached XP level 2. HP: 25/25 MP: 2/2
   391 | D:1      | Reached skill level 3 in Long Blades
   403 | D:1      | Reached XP level 3. HP: 25/31 MP: 3/3
  1442 | D:3      | Found a glowing drain.
  1452 | D:3      | Reached XP level 4. HP: 38/39 MP: 4/4
  1468 | Sewer    | Entered a sewer
  1724 | Sewer    | Reached skill level 4 in Long Blades
  2699 | D:3      | Found a faded altar of an unknown god.
  2775 | D:3      | Reached XP level 5. HP: 43/44 MP: 5/5
  3055 | D:3      | Found a shimmering blue altar of Sif Muna.
  3305 | D:4      | Reached skill level 5 in Long Blades
  3817 | D:5      | Entered Level 5 of the Dungeon
  3884 | D:5      | Found a sand-covered staircase.
  3887 | Ossuary  | Entered an ossuary
  3990 | Ossuary  | Reached XP level 6. HP: 52/52 MP: 6/6
  4400 | Ossuary  | Reached skill level 6 in Long Blades
  4408 | Ossuary  | Reached skill level 5 in Fighting
  4704 | D:5      | Reached XP level 7. HP: 38/59 MP: 7/7
  4853 | D:5      | Found a staircase to the Ecumenical Temple.
  4887 | Temple   | Entered the Ecumenical Temple
  4956 | Temple   | Became a worshipper of Warmaster Okawaru
  5253 | D:5      | Found a white marble altar of Elyvilon.
  5340 | D:5      | Reached skill level 7 in Long Blades
  5354 | D:5      | Slain by a gnoll

Illustrated notes

Levels and vault maps discovered:
D:1:      scummos_arrival_hexagon, layout_basic
D:2:      layout_loops_ring, minivault_14
D:3:      layout_basic, chequers_ecumenical_altar_simple,
          cheibrodos_sewer_entry_drain, led_sif_book
D:4:      layout_rooms, st_stairs_13, minmay_misc_feat_hallway
D:5:      layout_basic, elyvilon_altar_3, minmay_temple_entry_mist,
          lightli_ossuary_entry_decrepit_ruins, kennysheep_generic_room_2
Temple:   dpeg_three_leaves_temple

Skill      XL: |  1  2  3  4  5  6  7 |
---------------+----------------------+-----
Long Blades    | 3 4 5 6 7 |  7.2
Fighting       | 4 5 |  5.7
Armour         | |  2.4
Shields        | |  2.4

Action                   |  1- 3 |  4- 6 |  7- 9 || total
-------------------------+-------+-------+-------++-------
Melee: Long sword        |   129 |   322 |    41 ||   492
       Tailslap          |     9 |    42 |     3 ||    54
 Abil: Rolling Charge    |    11 |    12 |     8 ||    31
  Use: Scroll            |     4 |     5 |       ||     9
       Potion            |       |     4 |       ||     4
Armor: Scale mail        |    66 |   141 |     7 ||   214
       Skin              |       |    21 |       ||    21
Dodge: Dodged            |    26 |    52 |     6 ||    84
Block: Kite shield       |    66 |   138 |    11 ||   215
       Rpst.: Long sword |     5 |    17 |     1 ||    23

Table legend: (Time is in decaauts)
 A = Elapsed time spent in this place.
 B = Non-inter-level travel time spent in this place.
 C = Inter-level travel time spent in this place.
 D = Time resting spent in this place.
 E = Time spent auto-exploring this place.
 F = Levels seen in this place.
 G = Mean time per level.
                   A        B        C        D        E       F      G
               +--------+--------+--------+--------+--------+-----+--------+
         Total |   5645 |   5557 |     88 |   1064 |   3358 |   8 |  705.6 |
       Dungeon |   3554 |   3479 |     75 |    546 |   2268 |   5 |  710.8 |
        Temple |     82 |     70 |     12 |      0 |     65 |   1 |   82.0 |
         Sewer |   1201 |   1201 |      0 |    332 |    632 |   1 | 1201.0 |
       Ossuary |    806 |    806 |      0 |    186 |    393 |   1 |  806.0 |
               +--------+--------+--------+--------+--------+-----+--------+

Top non-repeatable levels by time:
   Sewer: 1201 daAuts
     D:2: 809 daAuts
 Ossuary: 806 daAuts
     D:3: 741 daAuts
     D:5: 678 daAuts
     D:1: 669 daAuts
     D:4: 657 daAuts
  Temple: 82 daAuts
